 Dungeon Crawl Stone Soup version 0.28.0 (webtiles) character file.

Game seed: 13794733046958547310

184 willcat the Covert (level 5, -1/32 HPs)
             Began as a Kobold Delver on Feb 5, 2022.
             Slain by a hobgoblin (2 damage)
             ... on level 2 of the Dungeon.
             The game lasted 00:00:54 (867 turns).

willcat the Covert (Kobold Delver)                   Turns: 867, Time: 00:00:54

Health: -1/32      AC:  3    Str:  9    XL:     5   Next: 95%
Magic:  5/5        EV: 16    Int: 11    God:
Gold:   21         SH:  0    Dex: 19    Spells: 4/4 levels left

rFire   . . .      SeeInvis .   a - +0 short sword
rCold   . . .      Faith    .   (no shield)
rNeg    . . .      Spirit   .   b - +0 leather armour
rPois   .          Reflect  .   (no helmet)
rElec   .          Harm     .   (no cloak)
rCorr   .          Rampage  .   (no gloves)
Will    .....                   (no boots)
Stlth   +++++.....              (no amulet)
HPRegen 0.10/turn               (no ring)
MPRegen 0.09/turn               (no ring)

@: no status effects
A: small, no large weapons, nightstalker 3
a: no special abilities


You were on level 2 of the Dungeon.
You visited 1 branch of the dungeon, and saw 4 of its levels.

You collected 21 gold pieces.

Inventory:

Hand Weapons
 a - a +0 short sword (weapon)
Missiles
 h - 3 poisoned darts (quivered)
Armour
 b - a +0 leather armour (worn)
Jewellery
 f - a +4 ring of protection
Wands
 g - a wand of digging (2)
Scrolls
 c - a scroll of fog
 d - a scroll of magic mapping
 e - a scroll of fear
 i - 2 scrolls of teleportation {unknown}


   Skills:
 - Level 3.2 Fighting
 + Level 4.8 Short Blades
 + Level 4.3 Dodging
 + Level 8.0 Stealth


You had 4 spell levels left.
You didn't know any spells.
Your spell library was empty.

Dungeon Overview and Level Annotations

Branches:
Dungeon (5/15)
 Temple: D:4-7

Altars:
Qazlal


Innate Abilities, Weirdness & Mutations

You are small and have problems with some larger weapons.
You are completely attuned to the shadows.


Message History

You see here a worm corpse.
Found a spear.
No target in view!
You see here a +0 spear.
Found a stone staircase leading up.
No target in view!
There is a stone staircase leading up here.
Found 2 large rocks.
No target in view!
Found a whip.
No target in view!
You see here 2 large rocks.
Found a stone staircase leading down.
No target in view!
A hobgoblin comes into view.
It is wielding the +9 spear of Famine {vorpal, rN++}.
A hobgoblin is nearby!
A hobgoblin is nearby!
The hobgoblin shouts!
You hit the hobgoblin but do no damage.
The hobgoblin hits you with the +9 spear of Famine {vorpal, rN++}!
You barely miss the hobgoblin. The hobgoblin misses you.
A hobgoblin is nearby!
You barely miss the hobgoblin.
The hobgoblin hits you with the +9 spear of Famine {vorpal, rN++}.
You are too injured to fight recklessly!
You hit the hobgoblin.
The hobgoblin is moderately wounded.
The hobgoblin hits you with the +9 spear of Famine {vorpal, rN++}.
You hit the hobgoblin.
The hobgoblin is heavily wounded.
The hobgoblin barely misses you.
You hit the hobgoblin but do no damage.
The hobgoblin is heavily wounded.
The hobgoblin hits you with the +9 spear of Famine {vorpal, rN++}.
* * * LOW HITPOINT WARNING * * *
You hit the hobgoblin. Your punch misses the hobgoblin.
The hobgoblin is almost dead.
The hobgoblin hits you with the +9 spear of Famine {vorpal, rN++}!
* * * LOW HITPOINT WARNING * * *
You die...

#.#.#.#### #..###...#
#.....(..)###........#
#....#...............#
#...####.####.###..##
.. #.####.###..#
#.#......#..#####
####.#.##.#.........
...g......###..######
####@............<..#
###.######..####.# #.#
#...# #.# #># #..##
#.# #.# #.. #.# #.#
#)# #.# #.. ###


You could see a hobgoblin.

Vanquished Creatures
  An ice beast (D:5)
  An ogre (D:4)
  A worm (D:2)
  A bat (D:2)
  A giant cockroach (D:2)
5 creatures vanquished.

Notes
Turn   | Place    | Note
-------+----------+-------------------------------------------
     0 | D:5      | willcat the Kobold Delver began the quest for the Orb.
     0 | D:5      | Reached XP level 1. HP: 14/14 MP: 1/1
     8 | D:5      | Noticed a hornet zombie
    39 | D:5      | Noticed an ice beast
    52 | D:5      | Killed an ice beast
    53 | D:5      | Reached skill level 7 in Stealth
    53 | D:5      | Reached XP level 2. HP: 5/19 MP: 2/2
    53 | D:5      | Reached XP level 3. HP: 6/23 MP: 3/3
    53 | D:5      | Reached XP level 4. HP: 8/28 MP: 4/4
   283 | D:5      | Noticed a water elemental
   285 | D:5      | Found a stormy altar of Qazlal.
   285 | D:5      | Noticed an earth elemental
   320 | D:4      | Noticed an ogre
   324 | D:4      | Killed an ogre
   325 | D:4      | Reached XP level 5. HP: 32/32 MP: 5/5
   349 | D:4      | Noticed a phantom
   734 | D:2      | Reached skill level 8 in Stealth
   792 | D:2      | Found a faded altar of an unknown god.
   858 | D:2      | Identified the +9 spear of Famine {vorpal, rN++}
   867 | D:2      | HP: 1/32 [hobgoblin (8)]
   867 | D:2      | Slain by a hobgoblin

Illustrated notes

Levels and vault maps discovered:
D:2:      layout_loops_ring, dilly_ecumenical_altar_fadedgnrine
D:3:      layout_basic, nicolae_overflow_hidden_temple,
          nicolae_sif_muna_little_library
D:4:      layout_loops_ring, minmay_temple_entry_slanted,
          kennysheep_small_spiral, uniq_ijyb, uniq_grinder
D:5:      layout_cave_pools, nicolae_qazlal_style_of_elements,
          minmay_crystal_water

Skill      XL: |  1  2  3  4  5 |
---------------+----------------+-----
Short Blades   | 4 |  4.8
Dodging        | 3 4 |  4.3
Stealth        | 7 8 |  8.0
Fighting       | |  3.2

Action                   |  1- 3 |  4- 6 || total
-------------------------+-------+-------++-------
Melee: Short sword       |    10 |    16 ||    26
Evoke: Wand              |       |     1 ||     1
  Use: Potion            |       |     1 ||     1
 Stab: Sleeping          |     1 |     2 ||     3
       Distracted        |       |     1 ||     1
Armor: Leather armour    |     2 |     4 ||     6
Dodge: Dodged            |     5 |    18 ||    23
